 Dungeon Crawl Stone Soup version 0.27-a0-1308-gc08437e49b (webtiles) character file.

Game seed: 15824909019586965630

2878 pokeman the Thaumaturge (level 9, -4/48 HPs)
             Began as a Deep Elf Hedge Wizard on June 18, 2021.
             Was a Follower of Vehumet.
             Killed by divine providence
             ... invoked by an orc priest
              (9 damage)
             ... on level 8 of the Dungeon.
             The game lasted 00:19:49 (9375 turns).

pokeman the Thaumaturge (Deep Elf Hedge Wizard)     Turns: 9375, Time: 00:19:51

Health: -4/48      AC:  9    Str:  7    XL:     9   Next: 48%
Magic:  9/26       EV: 17    Int: 26    God:    Vehumet [*.....]
Gold:   226        SH:  0    Dex: 14    Spells: 5/30 levels left

rFire    . . .     SeeInvis .   J - +8 quarterstaff of Toroul {elec, rElec rPois rC++ Will+}
rCold    + + .     Faith    .   (shield currently unavailable)
rNeg     . . .     Spirit   .   M - +0 steam dragon scales
rPois    +         Reflect  .   C - +0 helmet {Int+3}
rElec    +         Harm     .   u - +0 cloak
rCorr    .         Rampage  .   I - +0 pair of gloves
Will     +....                  s - +0 pair of boots
Stlth    ++........             (no amulet)
HPRegen  0.16/turn              f - +4 ring of evasion
MPRegen  0.20/turn              z - ring of poison resistance

@: no status effects
A: no striking features
a: Renounce Religion


You were on level 8 of the Dungeon.
You worshipped Vehumet.
Vehumet was aware of your devotion.
You visited 2 branches of the dungeon, and saw 9 of its levels.

You collected 368 gold pieces.
You spent 142 gold pieces at shops.

Inventory:

Hand Weapons
 c - a +0 shortbow
 i - a +0 hunting sling of freezing
 y - a +3 whip
 J - the +8 quarterstaff of Toroul (weapon) {elec, rElec rPois rC++ Will+}
   (You found it on level 6 of the Dungeon)

   Occasionally, upon striking a foe, it can discharge electrical energy and
   cause terrible harm.
   It greatly protects you from cold.
   It insulates you from electricity.
   It protects you from poison.
   It increases your willpower.
Missiles
 l - 53 bolts
 w - 143 arrows
Armour
 r - a +0 kite shield
 s - a +0 pair of boots (worn)
 u - a +0 cloak (worn)
 C - a +0 helmet of intelligence (worn)
 I - a +0 pair of gloves (worn)
 M - +0 steam dragon scales (worn)
Jewellery
 f - a +4 ring of evasion (left hand)
 z - a ring of poison resistance (right hand)
 D - a +4 ring of evasion
 G - a ring of willpower
Wands
 x - a wand of paralysis (14)
 B - a wand of charming (8)
 L - a wand of polymorph (2)
Scrolls
 a - 2 scrolls of blinking {unknown}
 g - 2 scrolls of holy word {unknown}
 h - 3 scrolls of amnesia {unknown}
 j - 7 scrolls of identify {unknown}
 m - a scroll of teleportation {unknown}
 n - 2 scrolls of enchant armour {unknown}
 p - 2 scrolls of silence {unknown}
 q - 3 scrolls of enchant weapon {unknown}
 F - a scroll of immolation {unknown}
 H - a scroll of summoning {unknown}
 K - a scroll of brand weapon {unknown}
Potions
 b - 2 potions of curing
 d - a potion of haste {unknown}
 e - 3 potions of heal wounds {unknown}
 k - 2 potions of might {unknown}
 o - a potion of degeneration {unknown}
 t - a potion of invisibility {unknown}
 v - 2 potions of resistance
 A - 4 potions of brilliance {unknown}
 E - 2 potions of lignification {unknown}
 N - a potion of mutation {unknown}


   Skills:
 - Level 2.1 Fighting
 - Level 2.0 Armour
 - Level 3.0 Dodging
 - Level 3.0 Stealth
 + Level 3.0 Shields
 * Level 11.4 Spellcasting
 + Level 6.3 Conjurations
 - Level 1.1 Summonings
 - Level 1.1 Translocations
 + Level 5.3 Fire Magic
 - Level 1.0 Air Magic
 - Level 1.2 Earth Magic
 - Level 1.1 Poison Magic
 - Level 1.1 Evocations


You had 5 spell levels left.
You knew the following spells:

 Your Spells              Type           Power      Damage    Failure   Level
a - Magic Dart            Conj           100%       1d8       1%          1
b - Mephitic Cloud        Conj/Pois/Air  29%        N/A       3%          3
c - Call Imp              Summ           20%        N/A       3%          2
d - Blink                 Tloc           N/A        N/A       3%          2
e - Conjure Flame         Conj/Fire      45%        6-21      1%          3
f - Foxfire               Conj/Fire      100%       2x1d9     1%          1
g - Bolt of Magma         Conj/Fire/Erth 18%        4d10      19%         5
h - Orb of Destruction    Conj           23%        9d10      94%         7
i - Apportation           Tloc           40%        N/A       2%          1

Your spell library contained the following spells:

 Spells                   Type           Power      Damage    Failure   Level
 Summon Small Mammal      Summ           80%        N/A       2%          1
 Animate Skeleton         Necr           28%        N/A       4%          1
 Corona                   Hex            15%        N/A       4%          1
 Pain                     Necr           56%        1d6       4%          1
 Slow                     Hex            14%        N/A       6%          2
 Lesser Beckoning         Tloc           10%        N/A       8%          3
 Iskenderun's Battlesphe  Conj           47%        2d10      9%          5
 Tukima's Dance           Hex            14%        N/A       12%         3
 Vampiric Draining        Necr           7%         2d7       12%         3
 Animate Dead             Necr           7%         N/A       36%         4
 Alistair's Intoxication  Tmut/Pois      11%        N/A       65%         5
 Agony                    Necr           14%        N/A       73%         5
 Iron Shot                Conj/Erth      17%        9d4       78%         6
 Invisibility             Hex            7%         N/A       99%         6
 Spellforged Servitor     Conj/Summ      17%        N/A       100%        7


Dungeon Overview and Level Annotations

Branches:
Dungeon (8/15)             Temple (1/1) D:4
   Lair: D:8-11

Altars:
Cheibriados
Dithmenos
Elyvilon
Fedhas
Gozag
Hepliaklqana
Kikubaaqudgha
Makhleb
Okawaru
Qazlal
Ru
Sif Muna
Trog
Uskayaw
Vehumet
Wu Jian
Xom

Shops:
D:4 ([([


Message History

Aiming: Mephitic Cloud (dangerous; 3% risk of failure)
Press: ? - help, Shift-Dir - straight line, f - two-headed ogre, p - centaur warrior
Aim: a two-headed ogre, wielding a +0 giant club and a +0 giant spiked club (severely wounded, chance to affect: 53%)
The ball explodes into a vile cloud!
The stinking cloud engulfs the two-headed ogre but does no damage.
The two-headed ogre is severely wounded.
You hear a shout!
The orc priest casts a cantrip, but nothing happens.
The two-headed ogre is engulfed in noxious fumes.
Unknown command.
Unknown command.
Casting: Mephitic Cloud (dangerous; 3% risk of failure)
Confirm with . or Enter, or press ? or * to list all spells.
Okay, then.
Unknown command.
Casting: Mephitic Cloud (dangerous; 3% risk of failure)
Confirm with . or Enter, or press ? or * to list all spells.
You blink.
An orc comes into view. It is wielding a +0 dagger.
The centaur warrior seems less confused.
The centaur warrior unwields a +0 flail.
The centaur warrior wields a +0 shortbow.
The centaur warrior shoots an arrow.
The arrow hits you. The cyan ugly thing headbutts you!
The cyan ugly thing shocks you. You resist.
The orc wizard gestures at you while chanting.
You are confused.
The centaur warrior shoots an arrow.
The arrow hits you!!
* * * LOW HITPOINT WARNING * * *
You hear a shout!
Unknown command.
You're too confused to cast spells.
Drop what? 40/52 slots (_ for help) (? for menu, Esc to quit)
Okay, then.
It was a potion of curing.
You feel better. The cyan ugly thing headbutts you.
* * * LOW HITPOINT WARNING * * *
The cyan ugly thing shocks you. You resist.
* * * LOW HITPOINT WARNING * * *
The orc priest mumbles some strange prayers to Beogh against you.
Beogh smites you!
You die...

##.####.####..#..#..)##.#
#.......................# ....#
+.......................# ....#
#.......................# ....#
#.......................# ....#
#.........##)..○##......# ...#
#.........#####○##......# ...##
##...##...##...☼##########....#
######...##..§O@........'....#
#.....#....uc.......#....#
#...(.#.....o......##....#
#....##....##o.....# #####
#....########..o...##..
##...'..................
#...#..................
#...##..................
#...##zJ...............#


You could see a cyan ugly thing, a centaur warrior, a two-headed ogre, an orc
priest, an orc wizard and an orc.

Vanquished Creatures
  Maggie (D:7)
  A wyvern (D:8)
  2 black bears
  2 sky beasts
  A necrophage (D:5)
  5 ogres
  4 centaurs
  A kobold brigand (D:8)
  A scorpion (D:4)
  3 bullfrogs
  A gnoll sergeant (D:7)
  A wight (D:7)
  3 howler monkeys (D:7)
  A centaur zombie (D:6)
  A bullfrog skeleton (D:6)
  2 hounds (D:4)
  A jelly (D:4)
  3 centaur skeletons
  Ijyb (D:3)
  5 orc wizards
  4 iguanas
  A hound skeleton (D:5)
  A howler monkey skeleton (D:6)
  7 adders
  5 gnolls (D:7)
  A white imp (D:7)
  An ufetubus (D:5)
  A worm (D:3)
  4 dart slugs
  10 orcs
  6 ball pythons
  9 endoplasms
  A giant cockroach (D:1)
  10 goblins
  4 hobgoblins
  2 jackals (D:3)
  3 quokkas
  7 bats
  A jackal skeleton (D:4)
  7 kobolds
  4 rats
129 creatures vanquished.

Vanquished Creatures (others)
  70 foxfires
70 creatures vanquished.

Grand Total: 199 creatures vanquished

Notes
Turn   | Place    | Note
-------+----------+-------------------------------------------
     0 | D:1      | pokeman the Deep Elf Hedge Wizard began the quest for the
                  | Orb.
     0 | D:1      | Reached XP level 1. HP: 10/10 MP: 7/7
   460 | D:1      | Reached XP level 2. HP: 10/16 MP: 1/9
  1120 | D:1      | Reached skill level 5 in Spellcasting
  1390 | D:1      | Reached XP level 3. HP: 13/20 MP: 7/11
  1397 | D:1      | Learned a level 3 spell: Mephitic Cloud
  1400 | D:1      | Learned a level 2 spell: Call Imp
  1403 | D:1      | Learned a level 2 spell: Blink
  1407 | D:1      | Learned a level 3 spell: Conjure Flame
  1880 | D:2      | Found a faded altar of an unknown god.
  1987 | D:2      | Reached skill level 1 in Fighting
  2208 | D:2      | Reached skill level 1 in Armour
  2918 | D:2      | Reached XP level 4. HP: 25/25 MP: 0/13
  3789 | D:3      | Noticed Ijyb
  3870 | D:3      | Killed Ijyb
  4024 | D:3      | Reached skill level 1 in Shields
  4024 | D:3      | Reached skill level 6 in Spellcasting
  4024 | D:3      | Reached XP level 5. HP: 28/29 MP: 2/15
  4433 | D:4      | Found Inugopity's Weapon Shoppe.
  4679 | D:4      | Reached skill level 1 in Evocations
  4731 | D:4      | Found a staircase to the Ecumenical Temple.
  4752 | D:4      | Reached XP level 6. HP: 26/34 MP: 1/17
  4762 | Temple   | Entered the Ecumenical Temple
  4861 | Temple   | Became a worshipper of Vehumet
  4955 | D:4      | Found Nokhlepa's Armour Boutique.
  5312 | D:4      | Found Beac's Antique Armour Boutique.
  5315 | D:4      | Bought a shiny helmet for 142 gold pieces
  5595 | D:4      | Reached skill level 7 in Spellcasting
  5595 | D:4      | Reached skill level 1 in Fire Magic
  5595 | D:4      | Reached skill level 1 in Poison Magic
  5721 | D:4      | Found Womis's Antique Weapon Shoppe.
  5818 | D:5      | Entered Level 5 of the Dungeon
  5842 | D:5      | Reached skill level 1 in Air Magic
  5929 | D:5      | Reached XP level 7. HP: 38/38 MP: 12/20
  6039 | D:5      | Found an ornate altar of the Wu Jian Council.
  6052 | D:5      | Reached skill level 8 in Spellcasting
  6505 | D:5      | Reached XP level 8. HP: 44/44 MP: 13/22
  6633 | D:5      | Learned a level 5 spell: Bolt of Magma
  6641 | D:5      | Learned a level 7 spell: Orb of Destruction
  6991 | D:6      | Reached skill level 9 in Spellcasting
  7382 | D:6      | Reached skill level 1 in Earth Magic
  7398 | D:6      | Learned a level 1 spell: Apportation
  7399 | D:6      | Identified the +8 quarterstaff of Toroul {elec, rElec rPois
                  | rC++ Will+}
  7787 | D:7      | Reached skill level 5 in Conjurations
  7916 | D:7      | Reached skill level 10 in Spellcasting
  7923 | D:7      | Noticed Maggie
  8230 | D:7      | Reached * piety under Vehumet
  8230 | D:7      | Offered knowledge of Foxfire by Vehumet.
  8236 | D:7      | Learned a level 1 spell: Foxfire
  8344 | D:7      | Reached XP level 9. HP: 43/48 MP: 25/25
  8619 | D:7      | Killed Maggie
  8764 | D:7      | Reached skill level 11 in Spellcasting
  8841 | D:7      | Reached skill level 5 in Fire Magic
  8920 | D:7      | Found an opulent altar of Gozag.
  9157 | D:8      | Noticed a two-headed ogre
  9167 | D:8      | Noticed a deep elf pyromancer
  9348 | D:8      | Noticed a centaur warrior
  9372 | D:8      | Noticed a cyan ugly thing
  9375 | D:8      | Killed from afar by an orc priest

Illustrated notes

Levels and vault maps discovered:
D:1:      dpeg_arrival_morbid_curiosity, layout_basic, minmay_liquid_box
D:2:      layout_basic, hellmonk_ecumenical_altar_pennies_from_heaven,
          minmay_misc_feat_nine_boxes, chequers_serial_rivers_room_b,
          minmay_between
D:3:      layout_rooms, uniq_ijyb
D:4:      minmay_spotlight, layout_gridville, minmay_temple_entry_antechambers,
          serial_shops, shop_statue, kennysheep_mini_moat,
          nicolae_stop_n_shop_1, shop
D:5:      layout_loops_ring, nzn_wu_jian_contemplation
D:6:      layout_basic, nicolae_underground_beach
D:7:      layout_rooms, general_overflow_altar, uniq_maggie
D:8:      cheibrodos_barr_body, layout_gridville, zin_angel,
          nemelex_spade_bored_becter, amcnicky_altar_gilded
Temple:   nicolae_temple_no_exploring_needed

Skill      XL: |  1  2  3  4  5  6  7  8  9 |
---------------+----------------------------+-----
Spellcasting   | 5 6 7 8 10 11 | 11.4
Fighting       | 1 2 |  2.1
Armour         | 1 2 |  2.0
Conjurations   | 2 3 4 5 6 |  6.3
Dodging        | 3 |  3.0
Shields        | 1 2 3 |  3.0
Stealth        | 3 |  3.0
Evocations     | 1 |  1.1
Fire Magic     | 1 2 4 5 |  5.3
Poison Magic   | 1 |  1.1
Air Magic      | 1 |  1.0
Earth Magic    | 1 |  1.2
Summonings     | |  1.1
Translocations | |  1.1

Action                   |  1- 3 |  4- 6 |  7- 9 || total
-------------------------+-------+-------+-------++-------
Melee: Dagger            |    10 |    14 |       ||    24
       Whip              |       |    13 |     9 ||    22
       Quarterstaff      |       |       |    27 ||    27
 Cast: Magic Dart        |   124 |   127 |   105 ||   356
       Mephitic Cloud    |     1 |    11 |    18 ||    30
       Conjure Flame     |       |     3 |    22 ||    25
       Foxfire           |       |       |    40 ||    40
       Blink             |       |       |     2 ||     2
       Call Imp          |       |       |     2 ||     2
Evoke: Wand              |       |       |     2 ||     2
  Use: Potion            |       |       |     1 ||     1
 Stab: Sleeping          |     1 |       |       ||     1
       Confused          |       |     3 |     1 ||     4
Armor: Leather armour    |     5 |    14 |    18 ||    37
       Steam dragon scal |       |       |     4 ||     4
Dodge: Dodged            |    25 |    36 |    57 ||   118

Table legend: (Time is in decaauts)
 A = Elapsed time spent in this place.
 B = Non-inter-level travel time spent in this place.
 C = Inter-level travel time spent in this place.
 D = Time resting spent in this place.
 E = Time spent auto-exploring this place.
 F = Levels seen in this place.
 G = Mean time per level.
                   A        B        C        D        E       F      G
               +--------+--------+--------+--------+--------+-----+--------+
         Total |   9389 |   9105 |    284 |   1100 |   6789 |   9 | 1043.2 |
       Dungeon |   9282 |   9010 |    272 |   1100 |   6697 |   8 | 1160.2 |
        Temple |    106 |     94 |     12 |      0 |     92 |   1 |  106.0 |
               +--------+--------+--------+--------+--------+-----+--------+

Top non-repeatable levels by time:
     D:1: 1600 daAuts
     D:2: 1461 daAuts
     D:4: 1460 daAuts
     D:3: 1199 daAuts
     D:5: 1116 daAuts
     D:6: 1057 daAuts
     D:7: 1024 daAuts
     D:8: 362 daAuts
  Temple: 106 daAuts
